 Dungeon Crawl Stone Soup version 0.23.2 (webtiles) character file.

Game seed: 17978072530167359796

368 Fang the Skirmisher (level 6, -3/60 HPs)
             Began as a Gargoyle Berserker on Apr 12, 2019.
             Was a Priest of Trog.
             Slain by a gnoll
             ... wielding a +0 halberd
              (11 damage)
             ... on level 4 of the Dungeon.
             The game lasted 00:05:32 (3687 turns).

Fang the Skirmisher (Gargoyle Berserker)            Turns: 3687, Time: 00:05:33

Health: -3/60      AC: 12    Str: 24    XL:     6   Next: 69%
Magic:  6/6        EV: 12    Int: 15    God:    Trog [***...]
Gold:   173        SH:  0    Dex:  9    Spells: 5/5 levels left

rFire    x . .     SeeInvis .   a - +0 hand axe
rCold    + . .     Gourm    .   (no shield)
rNeg     + . .     Faith    .   u - +2 ring mail "Veis Kam" {Str-3 Int+7}
rPois    ∞         Spirit   .   (no helmet)
rElec    +         Reflect  .   (no cloak)
rCorr    +         Harm     .   (no gloves)
MR       .....                  (no boots)
Stlth    ..........             (no amulet)
HPRegen  0.20/turn              h - ring of resist corrosion
MPRegen  0.10/turn              p - ring of ice

@: berserking, very quick
A: negative energy resistance 1, electricity resistance, unbreathing,
petrification resistance, rot immunity, AC +4
a: Berserk, Trog's Hand, Renounce Religion


You were on level 4 of the Dungeon.
You worshipped Trog.
Trog was most pleased with you.
You were not hungry.

You visited 1 branch of the dungeon, and saw 5 of its levels.

You collected 173 gold pieces.

Inventory:

Hand Weapons
 a - a +0 hand axe (weapon)
Armour
 u - the +2 ring mail "Veis Kam" (worn) {Str-3 Int+7}
   (You found it on level 4 of the Dungeon)

   It affects your strength (-3).
   It affects your intelligence (+7).
Jewellery
 h - a ring of resist corrosion (left hand)
 p - a ring of ice (right hand)
Wands
 s - a wand of polymorph (7)
Scrolls
 d - 4 scrolls of fear {unknown}
 e - 4 scrolls of noise {unknown}
 f - 2 scrolls of teleportation {unknown}
 k - a scroll of immolation {unknown}
 l - 3 scrolls of remove curse {unknown}
 m - a scroll of fog {unknown}
 o - a scroll of blinking {unknown}
 q - 2 scrolls of identify {unknown}
 t - a scroll of amnesia {unknown}
Potions
 g - 3 potions of curing {unknown}
 i - a potion of brilliance {unknown}
 j - a potion of degeneration {unknown}
 n - a potion of flight {unknown}
 r - a potion of mutation {unknown}
Comestibles
 c - 3 rations


   Skills:
 + Level 4.9 Fighting
 + Level 4.0 Axes
 + Level 4.1 Armour
 + Level 3.1 Dodging


You had 5 spell levels left.
You didn't know any spells.
Your spell library was empty.

Dungeon Overview and Level Annotations

Branches:
Dungeon (5/15)
 Temple: D:4-7

Altars:
Ru


Innate Abilities, Weirdness & Mutations

You are resistant to torment.
Your stone body is resilient. (AC +4)
You are immune to poison.
You resist negative energy. (rN+)
You are resistant to electric shocks. (rElec)
You can survive without breathing.
You are immune to petrification.
You are immune to rotting.


Message History

The gnoll barely misses you. The gnoll hits you but does no damage.
You slash the gnoll!
You kill the gnoll!
Trog accepts your kill.
The gnoll hits you from afar with a +0 halberd!
* * * LOW HITPOINT WARNING * * *
The gnoll barely misses you. x2
Found a stone staircase leading down.
Things that are here:
a cursed -3 flail; a gnoll corpse You hit the gnoll.
The gnoll is heavily wounded.
You hit the gnoll. You barely miss the gnoll.
The gnoll is heavily wounded.
You barely miss the gnoll.
The gnoll hits you with a +0 halberd of venom.
* * * LOW HITPOINT WARNING * * *
The gnoll hits you with a +0 halberd!
You die...

###.#...##
.........#
###.#...##
...##.##
### #.# #.#
##'##
##(..##
#..)@.#
#....gg.#
#.........#
+.........+
#.........#
##.......##
##.....##
##..>##


You could see 2 gnolls.

Vanquished Creatures
  A phantom (D:4)
  An orc priest (D:3)
  A bullfrog skeleton (D:4)
  An orc wizard (D:3)
  A worker ant (D:4)
  A gnoll (D:4)
  5 adders
  3 worms
  3 dart slugs
  A leopard gecko (D:3)
  12 orcs
  A ball python (D:3)
  4 giant cockroaches
  12 goblins
  11 hobgoblins
  2 jackals (D:1)
  8 kobolds
  3 quokkas (D:2)
  8 bats
  3 frilled lizards
  9 rats
91 creatures vanquished.

Notes
Turn   | Place    | Note
-------+----------+-------------------------------------------
     0 | D:1      | Fang the Gargoyle Berserker began the quest for the Orb.
     0 | D:1      | Reached XP level 1. HP: 14/14 MP: 1/1
    88 | D:1      | Reached XP level 2. HP: 18/19 MP: 2/2
   490 | D:1      | Reached XP level 3. HP: 10/23 MP: 3/3
   767 | D:1      | Reached ** piety under Trog
  1136 | D:2      | Reached XP level 4. HP: 22/29 MP: 4/4
  1946 | D:3      | Reached *** piety under Trog
  2018 | D:3      | Reached XP level 5. HP: 24/33 MP: 5/5
  2905 | D:4      | Reached XP level 6. HP: 34/39 MP: 6/6
  3079 | D:4      | Noticed a phantom
  3089 | D:4      | Got a heavily runed ring mail
  3118 | D:5      | Entered Level 5 of the Dungeon
  3163 | D:5      | Found a sacrificial altar of Ru.
  3459 | D:4      | Killed a phantom
  3534 | D:4      | Identified the +2 ring mail "Veis Kam" {Str-3 Int+7} (You
                  | found it on level 4 of the Dungeon)
  3687 | D:4      | Slain by a gnoll

Skill      XL: |  1  2  3  4  5  6 |
---------------+-------------------+-----
Axes           | 3 4 |  4.0
Dodging        | 2 3 |  3.1
Armour         | 3 4 |  4.1
Fighting       | 4 |  4.9

Action                   |  1- 3 |  4- 6 || total
-------------------------+-------+-------++-------
Melee: Hand axe          |   125 |   225 ||   350
Invok: Berserk           |       |     4 ||     4
       Trog's Hand       |       |     1 ||     1
Evoke: Wand              |       |     1 ||     1
  Eat: Chunk             |     1 |     9 ||    10
       Ration            |       |     1 ||     1
Armor: Animal skin       |    46 |    75 ||   121
       Ring mail         |       |    11 ||    11
Dodge: Dodged            |    97 |   198 ||   295
